 Dungeon Crawl Stone Soup version 0.20.0-7-g3b7b877 (webtiles) character file.

657 MDvedh the Slicer (level 7, -7/41 HPs)
             Began as a Kobold Berserker on May 29, 2017.
             Was a Believer of Trog.
             Mangled by an iguana (13 damage)
             ... on level 5 of the Dungeon.
             The game lasted 00:06:00 (4006 turns).

MDvedh the Slicer (Kobold Berserker)                Turns: 4006, Time: 00:06:01

Health: -7/41      AC:  3    Str: 15    XL:     7   Next: 85%
Magic:  7/7        EV: 14    Int:  8    God:    Trog [**....]
Gold:   246        SH:  3    Dex: 16    Spells: 6/6 levels left

rFire    . . .     SeeInvis .   l - +0 dagger (drain)
rCold    . . .     Gourm    .   (shield restricted)
rNeg     . . .     Faith    .   p - +0 ring mail
rPois    +         Spirit   .   h - +0 helmet
rElec    .         Reflect  +   (no cloak)
rCorr    .         Harm     .   q - +0 pair of gloves
MR       .....                  (no boots)
Stlth    +.........             s - +3 amulet of reflection
Regen    0.2/turn               e - ring of poison resistance
MPRegen  0.1/turn               (no ring)

@: corroded, berserk cooldown, slowed, very slow
A: carnivore 3
a: Berserk, Trog's Hand, Burn Spellbooks, Renounce Religion


You were on level 5 of the Dungeon.
You worshipped Trog.
Trog was pleased with you.
You were not hungry.

You visited 1 branch of the dungeon, and saw 6 of its levels.

You collected 246 gold pieces.

Inventory:

Hand Weapons
 l - a +0 dagger of draining (weapon)
Armour
 h - a +0 helmet (worn)
 p - a +0 ring mail (worn)
 q - a +0 pair of gloves (worn)
Jewellery
 e - a ring of poison resistance (left hand)
 s - a +3 amulet of reflection (around neck)
 v - an uncursed ring of ice
Scrolls
 d - 2 scrolls of blinking
 f - 2 scrolls of magic mapping
 g - 4 scrolls of teleportation
 i - a scroll of fog
 k - 3 scrolls of remove curse
 m - a scroll of fear
Potions
 a - a potion of flight
 b - a potion of haste {unknown}
 j - 2 potions of ambrosia
 o - a potion of lignification {unknown}
 r - a potion of curing {unknown}
 w - a potion of brilliance {unknown}
Comestibles
 c - 2 meat rations
 x - a royal jelly


   Skills:
 - Level 3.2 Fighting
 + Level 11.0 Short Blades
 - Level 1.5 Armour
 - Level 2.4 Dodging


You had 6 spell levels left.
You didn't know any spells.

Dungeon Overview and Level Annotations

Branches:
Dungeon (6/15)
 Temple: D:4-7

Altars:


Innate Abilities, Weirdness & Mutations

You are small and have problems with some larger weapons.
You are carnivorous and can eat meat at any time.


Message History

The orc closely misses you. The jelly hits you.
* * * LOW HITPOINT WARNING * * *
The acid corrodes you!
You are splashed with acid!
The acid burns!
* * * LOW HITPOINT WARNING * * *
You climb upwards.
You feel a strong urge to attack something.
There is a stone staircase leading down here.
Unknown command.
Unknown command.
Unknown command.
You puncture the orc!
You kill the orc!
Trog accepts your kill. The leopard gecko closely misses you.
You block the orc's attack.
Unknown command.
You are no longer berserk.
You are exhausted.
You feel as though you will be slow longer.
The iguana bites you!
You die...

#########'## #.# #..
#..........#######'## #..
#.............(.....# #..
#...................# #..
#########'#.........#
###.. #.#.........# #....
#.##o...##'## #.#..
#.##l...##.####.#..
#.@>J(..'.......'..
###lo...##.####.#..
#.....##.# #.###
#.....##.####'###
#.....##.#....... #####
#................ #...#
#####............
#.#.##########......##'###
#.#..........'......##.#


You could see an iguana, a jelly, an orc and a leopard gecko.

Vanquished Creatures
  Edmund (D:6)
  A sky beast (D:5)
  A centaur (D:5)
  A bullfrog zombie (D:5)
  A hound (D:4)
  An orc wizard (D:6)
  Jessica (D:5)
  A worker ant (D:5)
  A hound skeleton (D:5)
  7 gnolls (D:3)
  3 adders (D:2)
  A shadow imp (D:5)
  4 worms
  2 dart slugs
  2 leopard geckos
  4 orcs
  7 bats
  4 giant cockroaches
  4 hobgoblins
  A quokka (D:3)
  2 ball pythons
  3 frilled lizards
  12 goblins
  7 kobolds
  A quokka zombie (D:5)
  8 rats
81 creatures vanquished.

Vanquished Creatures (others)
  A worker ant (D:4)
  2 adders (D:4)
3 creatures vanquished.

Grand Total: 84 creatures vanquished

Notes
Turn   | Place    | Note
-------+----------+-------------------------------------------
     0 | D:1      | MDvedh the Kobold Berserker began the quest for the Orb.
     0 | D:1      | Reached XP level 1. HP: 14/14 MP: 1/1
    96 | D:1      | Reached XP level 2. HP: 19/19 MP: 2/2
   330 | D:1      | Reached skill level 5 in Short Blades
   952 | D:2      | Reached XP level 3. HP: 22/23 MP: 3/3
  1100 | D:2      | Reached ** piety under Trog
  1106 | D:2      | Reached skill level 6 in Short Blades
  1108 | D:2      | Reached XP level 4. HP: 28/28 MP: 4/4
  1451 | D:3      | Noticed Jessica
  1455 | D:3      | Reached skill level 7 in Short Blades
  1455 | D:3      | Reached XP level 5. HP: 32/32 MP: 5/5
  2390 | D:3      | Reached skill level 8 in Short Blades
  2678 | D:4      | Reached XP level 6. HP: 37/37 MP: 6/6
  3152 | D:5      | Entered Level 5 of the Dungeon
  3191 | D:5      | Killed Jessica
  3374 | D:5      | Reached skill level 9 in Short Blades
  3392 | D:5      | Reached XP level 7. HP: 7/41 MP: 7/7
  3843 | D:5      | Reached skill level 10 in Short Blades
  3985 | D:6      | Noticed Edmund
  3997 | D:6      | Killed Edmund
  3999 | D:6      | Reached skill level 11 in Short Blades
  4006 | D:5      | Mangled by an iguana

Skill      XL: |  1  2  3  4  5  6  7 |
---------------+----------------------+-----
Short Blades   | 5 6 7 8 9 11 | 11.0
Fighting       | |  3.2
Armour         | |  1.5
Dodging        | |  2.4

Action                   |  1- 3 |  4- 6 |  7- 9 || total
-------------------------+-------+-------+-------++-------
Melee: Short sword       |    69 |    48 |       ||   117
       Dagger            |       |   100 |    48 ||   148
Invok: Berserk           |     1 |     3 |     1 ||     5
  Use: Scroll            |       |       |    10 ||    10
 Stab: Sleeping          |     2 |     2 |       ||     4
  Eat: Chunk             |     5 |    10 |       ||    15
Armor: Animal skin       |    12 |     7 |       ||    19
       Ring mail         |       |    12 |    12 ||    24
Dodge: Dodged            |    58 |    72 |    29 ||   159
Block: Other             |       |       |     8 ||     8
       Reflection        |       |       |     1 ||     1
